 Dungeon Crawl Stone Soup version 0.21.1-1-g345015f (webtiles) character file.

83743 pk666 the Eclecticist (level 15, -2/72 HPs)
             Began as a Deep Elf Wizard on Feb 14, 2018.
             Was the Champion of Vehumet.
             Slain by a catoblepas (14 damage)
             ... on level 13 of the Dungeon.
             The game lasted 03:51:12 (40323 turns).

pk666 the Eclecticist (Deep Elf Wizard)            Turns: 40323, Time: 03:51:12

Health: -2/72      AC: 12    Str: 10    XL:     15   Next: 33%
Magic:  35/38      EV:  2    Int: 35    God:    Vehumet [******]
Gold:   1393       SH:  0    Dex: 13    Spells: 4/49 levels left

rFire    + . .     SeeInvis +   b - +0 dagger "Lynoul" {flame, +Blink rC+ Str+6 SInv}
rCold    + . .     Gourm    .   (no shield)
rNeg     + + +     Faith    +   q - +4 robe "Myesel" {MR+}
rPois    ∞         Spirit   .   f - +0 hat
rElec    +         Reflect  .   (no cloak)
rCorr    .         Harm     .   m - +2 pair of gloves
MR       ++...                  U - +2 pair of boots
Stlth    ++........             B - amulet of faith
HPRegen  0.22/turn              c - ring of the Centipede {rPois rN+}
MPRegen  0.26/turn              n - ring "Deiniurr" {rElec rF+ Int+5 Slay-5}

@: petrified
A: no striking features
a: Renounce Religion, Evoke Blink


You were on level 13 of the Dungeon.
You worshipped Vehumet.
Vehumet was exalted by your worship.
You were not hungry.

You visited 4 branches of the dungeon, and saw 22 of its levels.

You collected 1992 gold pieces.
You spent 599 gold pieces at shops.

Inventory:

Hand Weapons
 b - the +0 dagger "Lynoul" (weapon) {flame, +Blink rC+ Str+6 SInv}
   (You bought it in a shop on level 11 of the Dungeon)

   It has been specially enchanted to burn those struck by it, causing extra
   injury to most foes and up to half again as much damage against particularly
   susceptible opponents.
   It affects your strength (+6).
   It protects you from cold.
   It lets you see invisible.
   It lets you blink.
Armour
 f - a +0 hat (worn)
 m - a +2 pair of gloves (worn)
 q - the +4 robe "Myesel" (worn) {MR+}
   (You bought it in a shop on level 11 of the Dungeon)

   It affects your resistance to hostile enchantments.
 U - a +2 pair of boots (worn)
Magical Staves
 a - an uncursed staff of poison
Jewellery
 c - the ring of the Centipede (left hand) {rPois rN+}
   (You bought it in a shop on level 11 of the Dungeon)

   [ring of poison resistance]

   It protects you from poison.
   It protects you from negative energy.
 h - an uncursed ring of wizardry
 n - the ring "Deiniurr" (right hand) {rElec rF+ Int+5 Slay-5}
   (You bought it in a shop on level 11 of the Dungeon)

   [ring of protection from fire]

   It affects your intelligence (+5).
   It affects your accuracy and damage with ranged weapons and melee attacks
   (-5).
   It protects you from fire.
   It insulates you from electricity.
 B - an amulet of faith (around neck)
Wands
 x - a wand of disintegration (15)
 I - a wand of acid (11)
 R - a wand of iceblast (20)
 V - a wand of polymorph (6)
Scrolls
 e - a scroll of enchant armour
 j - 5 scrolls of identify
 k - a scroll of fear
 l - 4 scrolls of blinking
 o - a scroll of fog
 p - 6 scrolls of teleportation
 u - 7 scrolls of remove curse
 w - 6 scrolls of amnesia
 y - 2 scrolls of immolation
 z - a scroll of brand weapon {unknown}
 C - 6 scrolls of magic mapping
 F - a scroll of enchant weapon
 Y - a scroll of summoning
Potions
 g - 6 potions of curing
 i - a potion of heal wounds
 r - 3 potions of lignification
 s - 2 potions of flight
 v - 3 potions of haste
 A - 4 potions of might
 E - 2 potions of brilliance
 G - a potion of magic
Comestibles
 d - 31 rations
 t - 8 chunks of flesh


   Skills:
 - Level 5.0 Short Blades
 * Level 13.5 Dodging
 - Level 2.4 Stealth
 * Level 17.6 Spellcasting
 + Level 13.3 Conjurations
 - Level 1.1 Summonings
 - Level 3.0 Translocations
 + Level 13.7 Fire Magic
 - Level 2.0 Air Magic
 - Level 3.0 Earth Magic
 - Level 10.0 Poison Magic


You had 4 spell levels left.
You knew the following spells:

 Your Spells              Type           Power        Failure   Level  Hunger
a - Magic Dart            Conj           ####         0%          1    None
b - Blink                 Tloc           N/A          1%          2    None
c - Olgreb's Toxic Radia  Pois           #######.     1%          4    None
d - Conjure Flame         Conj/Fire      #######.     0%          3    None
e - Venom Bolt            Conj/Pois      #######...   1%          5    None
f - Summon Butterflies    Summ           #####...     1%          1    None
g - Apportation           Tloc           ######       1%          1    None
h - Poison Arrow          Conj/Pois      #######...   1%          6    None
i - Bolt of Magma         Conj/Fire/Erth #######...   1%          5    None
j - Ignition              Fire           #######...   7%          8    #####..
k - Iron Shot             Conj/Erth      ######....   1%          6    None
z - Mephitic Cloud        Conj/Pois/Air  ######..     1%          3    None


Dungeon Overview and Level Annotations

Branches:
Dungeon (13/15)            Temple (1/1) D:4            Lair (6/6) D:9
 Shoals (0/4) Lair:4        Snake (0/4) Lair:2        Slime (0/5) Lair:5
    Orc (2/2) D:12            Elf (0/3) Orc:2
 Vaults: D:13-14

Altars:
Ashenzari
Cheibriados
Dithmenos
Elyvilon
Fedhas
Gozag
Hepliaklqana
Kikubaaqudgha
Makhleb
Nemelex Xobeh
Okawaru
Qazlal
Ru
Sif Muna
Trog
Uskayaw
Vehumet
Wu Jian
Xom
Yredelemnul
Zin
The Shining One
Beogh

Shops:
D:5 *   D:6 !   D:11 *   Orc:2 !:*!

Annotations:
D:7 exclusion: oklob plant
D:8 1 transporter
Lair:1 exclusion: oklob plant


Message History

Confirm with . or Enter, or press ? or * to list all spells.
Aiming: Venom Bolt
Press: ? - help, Shift-Dir - straight line The bolt of poison hits the catoblepas.
The catoblepas is poisoned.
The catoblepas is moderately wounded.
You are engulfed in calcifying dust.
The catoblepas gores you!!
You have turned to stone.
The catoblepas gores you!! The catoblepas completely misses you.
The catoblepas gores you!! The catoblepas gores you!
The catoblepas looks more healthy.
The catoblepas gores you!!
* * * LOW HITPOINT WARNING * * *
The catoblepas breathes a plume of calcifying dust at you.
The blast of calcifying dust hits you!
* * * LOW HITPOINT WARNING * * *
You are engulfed in calcifying dust.
The catoblepas gores you.
* * * LOW HITPOINT WARNING * * *
You are engulfed in calcifying dust.
The catoblepas gores you!!
You die...

#.# #.# #.# ...
#.# #.# #Y# #@#
#§# #§#
########### #.#
..........######.#
#########........#
##########


You could see a catoblepas.

Vanquished Creatures
  Rupert (Lair:5)
  An orc warlord (Orc:2)
  Nessos (Orc:2)
  An ettin (Orc:2)
  Snorg (Lair:6)
  The ghost of tidbits the Thaumaturge, a journeyman GnEE of Cheibriados (D:13)
  Josephine (Orc:1)
  Erolcha (D:12)
  Harold (Lair:2)
  The ghost of Monsterracer the Cleaver, a journeyman HuFi of Nemelex Xobeh (Lair:1)
  6 hydras
  4 catoblepae
  8 two-headed ogres
  4 death yaks (Lair:6)
  4 orc high priests (Orc:2)
  Sonja (Lair:4)
  Pikel (D:7)
  6 orc knights
  An ugly thing (D:12)
  A wolf spider zombie (D:13)
  2 oklob plants (Lair:5)
  8 orc sorcerers
  2 manticores (Lair:6)
  4 elephants (Lair:6)
  3 black mambas
  2 merfolk sirens (Lair:4)
  2 centaur zombies
  A gargoyle (D:13)
  A torpor snail (Lair:6)
  The ghost of tidbits the Insei, a novice GnTm (D:7)
  11 spiny frogs
  2 rime drakes
  5 komodo dragons
  A polar bear (Lair:4)
  4 trolls
  Grinder (D:6)
  17 hippogriffs
  A hornet (D:11)
  2 dream sheep (Lair:6)
  18 blink frogs
  75 yaks
  3 vampires
  Sigmund (D:4)
  7 wraiths
  3 shadows
  2 wyverns
  3 basilisks
  6 spriggans (D:10)
  4 vampire mosquitoes (D:12)
  2 hungry ghosts
  2 nagas (Lair:2)
  6 wargs
  8 porcupines
  12 water moccasins
  42 orc warriors
  A hornet zombie (D:9)
  4 black bears
  4 ice beasts
  5 phantoms
  5 sky beasts
  8 wolves
  19 ogres
  2 centaurs
  7 crocodiles
  4 big kobolds
  14 bullfrogs
  Blork the orc (D:4)
  A wyvern skeleton (D:8)
  A water moccasin skeleton (D:11)
  A water moccasin zombie (D:7)
  2 troll zombies (D:12)
  4 scorpions
  2 vampire bats (Lair:4)
  5 howler monkeys
  11 electric eels
  6 jellies
  2 crimson imps
  2 quasits
  10 hounds
  2 bullfrog skeletons
  3 centaur skeletons
  27 orc priests
  Jessica (D:2)
  8 iguanas
  23 orc wizards
  5 worker ants
  4 ogre zombies (D:12)
  2 hound skeletons
  A howler monkey zombie (D:10)
  2 worker ant zombies
  4 gnolls
  14 adders
  4 shadow imps
  3 oozes
  A worm (D:3)
  4 dart slugs
  6 leopard geckos
  120 orcs
  10 giant cockroaches
  8 goblins
  11 hobgoblins
  2 jackals
  26 kobolds
  5 quokkas
  3 ball pythons
  20 bats
  7 frilled lizards
  3 goblin skeletons (D:12)
  2 goblin zombies (D:12)
  2 hobgoblin zombies (D:12)
  A leopard gecko skeleton (D:7)
  3 orc skeletons (D:12)
  9 orc zombies (D:12)
  2 quokka skeletons
  A quokka zombie (D:5)
  9 rats
  A fungus (Lair:6)
  A plant (Lair:5)
791 creatures vanquished.

Vanquished Creatures (others)
  2 slaves (D:7)
  A worker ant (D:7)
  An orc (D:9)
  18 fungi
  28 plants
50 creatures vanquished.

Grand Total: 841 creatures vanquished

Notes
Turn   | Place    | Note
-------+----------+-------------------------------------------
     0 | D:1      | pk666 the Deep Elf Wizard began the quest for the Orb.
     0 | D:1      | Reached XP level 1. HP: 10/10 MP: 7/7
    25 | D:1      | Reached XP level 2. HP: 4/15 MP: 0/9
   675 | D:1      | Reached XP level 3. HP: 19/19 MP: 6/11
   712 | D:1      | Learned a level 2 spell: Blink
   716 | D:1      | Learned a level 3 spell: Mephitic Cloud
   720 | D:1      | Learned a level 3 spell: Conjure Flame
   859 | D:1      | Reached skill level 5 in Spellcasting
  1433 | D:2      | Noticed Jessica
  1440 | D:2      | Killed Jessica
  1440 | D:2      | Reached skill level 1 in Fire Magic
  1440 | D:2      | Reached XP level 4. HP: 13/24 MP: 5/13
  1937 | D:2      | Reached skill level 1 in Poison Magic
  1991 | D:2      | Reached skill level 1 in Air Magic
  2176 | D:2      | Reached XP level 5. HP: 28/28 MP: 7/14
  2515 | D:2      | Found an iron altar of Okawaru.
  3056 | D:3      | Noticed a sky beast
  3067 | D:3      | Killed a sky beast
  3067 | D:3      | Reached XP level 6. HP: 32/32 MP: 3/16
  3219 | D:3      | Found a stormy altar of Qazlal.
  3291 | D:3      | Found a glowing golden altar of the Shining One.
  4431 | D:4      | Reached skill level 6 in Spellcasting
  4763 | D:4      | Noticed Blork the orc
  4776 | D:4      | Reached XP level 7. HP: 31/36 MP: 7/18
  4891 | D:4      | Killed Blork the orc
  5033 | D:4      | Found a staircase to the Ecumenical Temple.
  5044 | Temple   | Entered the Ecumenical Temple
  5142 | Temple   | Became a worshipper of Vehumet
  5709 | D:4      | Noticed Sigmund
  5720 | D:4      | Killed Sigmund
  5720 | D:4      | Reached skill level 7 in Spellcasting
  5950 | D:4      | Reached XP level 8. HP: 41/41 MP: 8/20
  6158 | D:4      | Reached skill level 5 in Conjurations
  6452 | D:5      | Entered Level 5 of the Dungeon
  6473 | D:5      | Found a white marble altar of Elyvilon.
  6532 | D:5      | Found Tek Elez's Assorted Antiques.
  6594 | D:5      | Found a hide-covered altar of Uskayaw.
  6609 | D:5      | Reached * piety under Vehumet
  6609 | D:5      | Offered knowledge of Sandblast by Vehumet.
  6627 | D:5      | Reached skill level 5 in Dodging
  6756 | D:5      | Reached skill level 1 in Short Blades
  6779 | D:5      | Reached skill level 5 in Fire Magic
  7099 | D:5      | Reached skill level 8 in Spellcasting
  7548 | D:5      | Noticed a hippogriff
  7557 | D:5      | Killed a hippogriff
  8108 | D:6      | Noticed Grinder
  8123 | D:6      | Paralysed by Grinder for 2 turns
  8126 | D:6      | Killed Grinder
  8126 | D:6      | Reached XP level 9. HP: 45/45 MP: 6/23
  8274 | D:6      | Offered knowledge of Shock by Vehumet.
  8276 | D:6      | Reached ** piety under Vehumet
  8481 | D:6      | Reached skill level 9 in Spellcasting
  8774 | D:6      | Found a bloodstained altar of Trog.
  8860 | D:6      | Found an ornate altar of the Wu Jian Council.
  8966 | D:6      | Found Garhicw's Distillery.
  8971 | D:6      | Bought a potion of curing for 33 gold pieces
  8971 | D:6      | Bought a potion of curing for 33 gold pieces
  8971 | D:6      | Bought a potion of degeneration for 11 gold pieces
  9071 | D:7      | Noticed an oklob plant
  9457 | D:7      | Noticed Pikel
  9472 | D:7      | Found an ancient bone altar of Kikubaaqudgha.
  9472 | D:7      | Found a shimmering altar of Xom.
  9472 | D:7      | Found a bloodstained altar of Trog.
  9472 | D:7      | Found a burning altar of Makhleb.
  9482 | D:7      | Killed Pikel
  9644 | D:7      | Noticed tidbits's ghost (novice GnTm)
  9659 | D:7      | Killed tidbits's ghost
  9891 | D:7      | Reached skill level 10 in Spellcasting
 10438 | D:7      | Found a stormy altar of Qazlal.
 10615 | D:8      | Offered knowledge of Inner Flame by Vehumet.
 10815 | D:8      | Found a blossoming altar of Fedhas.
 10835 | D:8      | Found a transporter.
 11006 | D:8      | Reached XP level 10. HP: 50/50 MP: 14/26
 11563 | D:8      | Reached *** piety under Vehumet
 12354 | D:9      | Offered knowledge of Olgreb's Toxic Radiance by Vehumet.
 12657 | D:9      | Noticed a two-headed ogre
 12674 | D:9      | Killed a two-headed ogre
 13086 | D:9      | Reached skill level 11 in Spellcasting
 13714 | D:9      | Found a staircase to the Lair.
 14067 | D:9      | Found a sacrificial altar of Ru.
 14716 | D:9      | Found a shadowy altar of Dithmenos.
 14805 | D:9      | Learned a level 4 spell: Olgreb's Toxic Radiance
 14839 | D:9      | Reached **** piety under Vehumet
 15393 | Lair:1   | Entered Level 1 of the Lair of Beasts
 15412 | Lair:1   | Noticed a spiny frog
 15746 | D:9      | Killed a spiny frog
 15867 | Lair:1   | Noticed Monsterracer's ghost (journeyman HuFi)
 15984 | Lair:1   | Noticed a six-headed hydra
 15999 | Lair:1   | Reached XP level 11. HP: 37/54 MP: 13/28
 16323 | Lair:1   | Killed a six-headed hydra
 16959 | Lair:1   | Killed Monsterracer's ghost
 16959 | Lair:1   | Reached skill level 5 in Short Blades
 16959 | Lair:1   | Reached skill level 12 in Spellcasting
 17228 | Lair:1   | Noticed an eight-headed hydra
 17241 | Lair:1   | Killed an eight-headed hydra
 17388 | Lair:1   | Noticed an oklob plant
 17438 | Lair:2   | Offered knowledge of Venom Bolt by Vehumet.
 17600 | Lair:2   | Learned a level 5 spell: Venom Bolt
 17623 | Lair:2   | Reached skill level 5 in Poison Magic
 17899 | Lair:1   | Reached skill level 10 in Conjurations
 18421 | Lair:2   | Reached skill level 10 in Fire Magic
 18462 | Lair:2   | Noticed Harold
 18470 | Lair:2   | Killed Harold
 18583 | Lair:2   | Found a staircase to the Snake Pit.
 19366 | Lair:2   | Learned a level 1 spell: Summon Butterflies
 19989 | Lair:3   | Learned a level 1 spell: Apportation
 20065 | Lair:3   | Reached XP level 12. HP: 59/59 MP: 2/30
 20733 | Lair:4   | Reached skill level 13 in Spellcasting
 20799 | Lair:4   | Noticed Sonja
 20801 | Lair:4   | Killed Sonja
 20801 | Lair:4   | Reached ***** piety under Vehumet
 20907 | Lair:4   | Found a staircase to the Shoals.
 20925 | Lair:4   | Offered knowledge of Poison Arrow by Vehumet.
 21091 | Lair:4   | Learned a level 6 spell: Poison Arrow
 21551 | Lair:4   | Noticed a catoblepas
 21559 | Lair:4   | Killed a catoblepas
 21852 | Lair:4   | Reached skill level 14 in Spellcasting
 22150 | Lair:4   | Reached skill level 10 in Dodging
 22662 | Lair:5   | Noticed a six-headed hydra
 22669 | Lair:5   | Killed a six-headed hydra
 23057 | Lair:5   | Noticed a five-headed hydra
 23082 | Lair:5   | Killed a five-headed hydra
 23646 | Lair:5   | Found a staircase to the Slime Pits.
 23805 | Lair:5   | Noticed a four-headed hydra
 23810 | Lair:5   | Killed a four-headed hydra
 24065 | Lair:5   | Reached XP level 13. HP: 44/63 MP: 14/33
 24843 | Lair:6   | Entered Level 6 of the Lair of Beasts
 25038 | Lair:6   | Noticed Rupert
 25065 | Lair:5   | Offered knowledge of Conjure Ball Lightning by Vehumet.
 25293 | Lair:5   | Killed Rupert
 25293 | Lair:5   | Reached skill level 15 in Spellcasting
 26167 | Lair:6   | Noticed Snorg
 26189 | Lair:6   | Killed Snorg
 27739 | Lair:6   | Reached skill level 16 in Spellcasting
 28000 | Lair:6   | Reached XP level 14. HP: 68/68 MP: 26/36
 28577 | Lair:6   | Got a bound gossamer ring
 28579 | Lair:6   | Identified the ring of Cyckagh {rF+ SInv} (You found it on level 6 of the Lair of Beasts)
 28945 | D:10     | Entered Level 10 of the Dungeon
 29376 | D:10     | Found a shadowy altar of Dithmenos.
 30285 | D:11     | Found Geqypha's Antique Artefacts.
 30584 | D:11     | Bought a smoking pewter ring for 115 gold pieces
 30584 | D:11     | Bought a steaming robe for 131 gold pieces
 30584 | D:11     | Bought a serpentine tin ring for 115 gold pieces
 30584 | D:11     | Identified the +4 robe "Myesel" {MR+} (You bought it in a shop on level 11 of the Dungeon)
 30585 | D:11     | Identified the ring of the Centipede {rPois rN+} (You bought it in a shop on level 11 of the Dungeon)
 30586 | D:11     | Identified the ring "Deiniurr" {rElec rF+ Int+5 Slay-5} (You bought it in a shop on level 11 of the Dungeon)
 30686 | Lair:1   | Identified a scroll of acquirement
 30791 | D:11     | Bought a twisted dagger for 161 gold pieces
 30791 | D:11     | Identified the cursed +0 dagger "Lynoul" {flame, +Blink rC+ Str+6 SInv} (You bought it in a shop on level 11 of the Dungeon)
 31066 | D:11     | Offered knowledge of Ozocubu's Refrigeration by Vehumet.
 32954 | D:12     | Found a staircase to the Orcish Mines.
 33101 | D:11     | Reached skill level 10 in Poison Magic
 33294 | D:12     | Offered knowledge of Bolt of Magma by Vehumet.
 33301 | D:12     | Learned a level 5 spell: Bolt of Magma
 33576 | D:12     | Noticed Erolcha
 33608 | D:12     | Killed Erolcha
 33608 | D:12     | Reached skill level 1 in Earth Magic
 34410 | D:12     | Learned a level 8 spell: Ignition
 34608 | Orc:1    | Entered Level 1 of the Orcish Mines
 34615 | Orc:1    | Reached ****** piety under Vehumet
 34617 | Orc:1    | Noticed Josephine
 35209 | Orc:1    | Killed Josephine
 35480 | Orc:2    | Entered Level 2 of the Orcish Mines
 35483 | Orc:2    | Offered knowledge of Iron Shot by Vehumet.
 35684 | Orc:2    | Learned a level 6 spell: Iron Shot
 35986 | Orc:2    | Found a roughly hewn altar of Beogh.
 35991 | Orc:2    | Reached skill level 17 in Spellcasting
 36414 | Orc:2    | Found Mecu's Distillery.
 36501 | Orc:2    | Found Ewiz's Assorted Antiques.
 36651 | Orc:2    | Noticed Nessos
 37037 | Orc:2    | Killed Nessos
 37375 | Orc:2    | Reached XP level 15. HP: 72/72 MP: 11/38
 37384 | Orc:2    | Noticed an orc warlord
 37500 | Orc:2    | Killed an orc warlord
 37510 | Orc:2    | Found a roughly hewn altar of Beogh.
 37685 | Orc:2    | Found Ungeelei's Book Shoppe.
 37686 | Orc:2    | Offered knowledge of Orb of Destruction by Vehumet.
 37985 | Orc:2    | Found Sooh's Distillery.
 38667 | Orc:2    | Found a staircase to the Elven Halls.
 39601 | D:13     | Noticed tidbits's ghost (journeyman GnEE)
 39608 | D:13     | Killed tidbits's ghost
 39921 | D:13     | Offered knowledge of Freezing Cloud by Vehumet.
 40323 | D:13     | Slain by a catoblepas

Skill      XL: |  1  2  3  4  5  6  7  8  9 10 11 12 13 14 15 |
---------------+----------------------------------------------+-----
Dodging        | 3 4 5 6 7 8 10 11 12 13 | 13.5
Conjurations   | 2 3 4 6 7 9 10 11 12 13 | 13.3
Spellcasting   | 5 6 7 8 10 11 12 14 16 17 | 17.6
Fire Magic     | 1 2 3 4 6 7 9 10 11 12 13 | 13.7
Poison Magic   | 1 2 3 5 6 9 10 | 10.0
Air Magic      | 1 2 |  2.0
Short Blades   | 2 3 4 5 |  5.0
Translocations | 3 |  3.0
Earth Magic    | 3 |  3.0
Stealth        | |  2.4
Summonings     | |  1.1

Action                   |  1- 3 |  4- 6 |  7- 9 | 10-12 | 13-15 || total
-------------------------+-------+-------+-------+-------+-------++-------
Melee: Dagger            |     1 |     4 |    17 |    40 |    40 ||   102
       Staff             |       |       |       |     8 |    22 ||    30
 Cast: Magic Dart        |    85 |   185 |   394 |   444 |   144 ||  1252
       Blink             |       |     3 |     8 |    22 |    16 ||    49
       Mephitic Cloud    |       |     5 |    35 |    46 |    41 ||   127
       Conjure Flame     |       |     2 |    26 |   118 |    42 ||   188
       Olgreb's Toxic Ra |       |       |       |    36 |    91 ||   127
       Venom Bolt        |       |       |       |    80 |   175 ||   255
       Summon Butterflie |       |       |       |     2 |     1 ||     3
       Poison Arrow      |       |       |       |    21 |   167 ||   188
       Apportation       |       |       |       |     2 |     7 ||     9
       Bolt of Magma     |       |       |       |       |    27 ||    27
       Iron Shot         |       |       |       |       |    13 ||    13
  Use: Scroll            |       |       |     3 |    11 |    19 ||    33
       Potion            |       |       |       |     7 |    12 ||    19
 Stab: Sleeping          |     1 |       |       |       |       ||     1
       Confused          |       |     1 |     1 |     2 |       ||     4
  Eat: Chunk             |     1 |    10 |    16 |    28 |    44 ||    99
       Ration            |       |       |     1 |     5 |     4 ||    10
Armor: Robe              |     2 |    11 |    10 |    17 |    43 ||    83
Dodge: Dodged            |    13 |    50 |    42 |   150 |   163 ||   418
